Unix NetHack Version 5.0.0-0 post-release - last build May 10 2026 23:12:36 (d1fa5d53e341ca933230fdaa984d921c805b60aa,branch:main).

Game began 2026-05-13 01:47:51, ended 2026-05-13 16:40:38.

IanCurtis, chaotic male elven Wizard

                                                              .......--
                                                           ---...gf...|
                                                          --...---`..--
                                ----------                -...-- -----
                            -----.)......--- ------------...---
                            |.....%.!....%.---................--
                           --..%.....^  .......---.----------..--
                           |...           .....             |-..--
                           ....                             |`-..----
                           ..)% .....                       |.......--
                           .... ...*.                       --....^)^|
                           -`)..`).--                        ---...---
                           |)......                          |.....|
                           -------                           -------
IanCurtis the Thaumaturge  St:12 Dx:18 Co:14 In:16 Wi:16 Ch:7  Chaotic
Dlvl:11 $:92 HP:0(54) Pw:15(99) AC:8  Xp:8 T:6184  Burdened

Latest messages:
 Your movements are slowed slightly because of your load.
 What do you want to use or apply? [b-dk-msIPQSW or ?*] ?
 What do you want to use or apply? [b-dk-msIPQSW or ?*] <space>
 Never mind.
 You stop searching.
 The gnome wields 4 daggers!
 The gnome thrusts one of his daggers.
 The gnome hits!
 You hit the gnome.
 The gnome thrusts one of his daggers.
 The gnome hits!
 You kill the gnome!
 You hear rumbling in the distance.
 The gargoyle hits!
 The gargoyle hits again!
 The gargoyle bites!
 You already found a monster.  Use 'm' prefix to force another search.
 What do you want to write with? [- a-clpsxIPV-X or ?*] -
 You write in the dust with your fingertip.
 What do you want to write in the dust here? Elbereth
 The gargoyle turns to flee.
 In what direction? .
 You feel better.
 You feel more confident in your spell casting skills.
 In what direction? .
 You feel better.
 The kitten bites!
 You hit the kitten!
 The kitten bites!
 You hit the kitten!
 The kitten bites!
 You hit the kitten.
 The kitten misses!
 The kitten bites!
 The kitten bites!
 The gargoyle hits!
 The gargoyle hits again!
 The gargoyle bites!
 The kitten bites!
 What do you want to write with? [- a-clpsxIPV-X or ?*] -
 You write in the dust with your fingertip.
 What do you want to write in the dust here? Elbereth
 The kitten bites!
 In what direction? .
 You feel better.
 The kitten bites!
 The gargoyle hits!
 The gargoyle hits again!
 You die...
 Do you want your possessions identified? [ynq] (y) q

Inventory:
 Coins    ('$')
  $ - 92 gold pieces
 Amulets  ('"')
  H - an uncursed amulet of reflection (being worn)
 Weapons  (')')
  X - a +0 dart
  a - a blessed +1 quarterstaff (weapon in hands)
 Armor    ('[')
  C - an uncursed +0 pair of water walking boots (being worn)
  e - a blessed +0 cloak of magic resistance (being worn)
 Comestibles  ('%')
  B - 7 uncursed food rations
  M - an uncursed tripe ration
  D - an uncursed lizard corpse
 Scrolls  ('?')
  T - an uncursed scroll of enchant weapon
  R - a cursed scroll of genocide
  h - a blessed scroll of identify
  t - an uncursed scroll of magic mapping
  i - 2 uncursed scrolls of scare monster
  K - 3 uncursed scrolls of teleportation
 Spellbooks  ('+')
  S - an uncursed spellbook of cure blindness
 Potions  ('!')
  E - an uncursed potion of extra healing
  g - 8 uncursed potions of healing
  w - 3 potions of holy water
 Rings    ('=')
  p - an uncursed +1 ring of gain strength (on right hand)
  x - an uncursed ring of invisibility (on left hand)
  V - an uncursed ring of searching
 Wands    ('/')
  W - a wand of magic missile (0:4)
  b - a wand of nothing (0:4)
  c - a wand of secret door detection (0:11)
  P - a wand of striking (0:2)
 Tools    ('(')
  m - an uncursed wooden flute
  s - a magic marker (0:47)
  l - a magic marker (0:22)
  Q - an uncursed magic whistle
  d - a +0 pick-axe
  k - an uncursed skeleton key
  I - an uncursed towel

IanCurtis the Wizard's attributes:

Background:
 You were a Thaumaturge, a level 8 male elven Wizard.
 You were chaotic, on a mission for Anhur
 who was opposed by Ptah (lawful) and Thoth (neutral).
 You were right-handed.
 You were in the Gnomish Mines, on level 11.
 You entered the dungeon 6184 turns ago.
 You had 1994 experience points, 566 more were needed to attain level 9.

Basics:
 You had 0 out of 54 hit points.
 You had 15 out of 99 energy points (spell power).
 Your armor class was 8.
 Your wallet contained 92 zorkmids.
 Autopickup was off.

Final Characteristics:
 Your strength was 12 (base:11, peak:12, limit:18).
 Your dexterity was 18 (limit:18).
 Your constitution was 14 (limit:16).
 Your intelligence was 16 (limit:20).
 Your wisdom was 16 (limit:20).
 Your charisma was 7 (limit:18).

Final Status:
 You weren't hungry.
 You were burdened; movement was slightly slowed.
 You were wielding a quarterstaff.
 You had basic skill with quarterstaff and could have enhanced that.

Final Attributes:
 You were piously aligned.
 You were magic-protected.
 You were sleep resistant.
 You were telepathic.
 You had infravision.
 You were invisible.
 You could walk on water.
 You were warded.
 You had reflection.
 You are dead.

Miscellaneous:
 You didn't encounter any bones levels.
 Total elapsed playing time was 1 hour, 8 minutes and 20 seconds.

Major events:
 Turn
    1: IanCurtis the chaotic male elven Wizard entered the dungeon
  948: attained the rank of Conjurer (level 3)
 1654: entered the Gnomish Mines
 2064: reached Mine Town
 2140: attained the rank of Thaumaturge (level 6)
 6184: killed by a gargoyle

Spells:
 Name                 Level Category     Fail Retention
 force bolt             1   attack         0%   66%-70%
 healing                1   healing        0%   51%-75%
 light                  1   divination     0%  76%-100%

Skills:
 Fighting Skills
   bare handed combat [Unskilled]
   riding             [Unskilled]
 Weapon Skills
   dagger             [Unskilled]
   knife              [Unskilled]
   axe                [Unskilled]
   short sword        [Unskilled]
   club               [Unskilled]
   mace               [Unskilled]
   quarterstaff       [Basic]
   polearms           [Unskilled]
   spear              [Unskilled]
   trident            [Unskilled]
   sling              [Unskilled]
   dart               [Unskilled]
   shuriken           [Unskilled]
 Spellcasting Skills
   attack spells      [Skilled]
   healing spells     [Unskilled]
   divination spells  [Unskilled]
   enchantment spells [Basic]
   clerical spells    [Unskilled]
   escape spells      [Unskilled]
   matter spells      [Unskilled]

Voluntary challenges:
 Character rerolling was not enabled.
 You never genocided any monsters.
 You never polymorphed an object.
 You never changed form.
 You used no wishes.
Achievements:
 You attained the rank of Conjurer.
 You entered the Gnomish Mines.
 You entered Minetown.
 You attained the rank of Thaumaturge.
 You entered a temple.
 You entered a shop.

 The Dungeons of Doom: levels 1 to 5
    Level 1:
       An altar to Anhur.
    Level 2:
       Some fountains.
    Level 3:
       A fountain.
       Stairs down to The Gnomish Mines.
    Level 4: "vault"
    Level 5:
 The Gnomish Mines: levels 4 to 11
    Level 4:
    Level 5:
    Level 6:
       Many shops, a temple and an altar to Anhur, some fountains, a sink.
    Level 7:
    Level 8:
    Level 9:
    Level 10:
    Level 11: <- You were here.
       Final resting place for
          you, killed by a gargoyle.


Vanquished creatures:
  a tengu
 an amorous demon
  3 giant spiders
  a black light
  3 gnome rulers
  a dwarf mummy
  2 lizards
  a jaguar
  a dust vortex
  a snake
 an ape
  2 water nymphs
  a rock piercer
  a rock mole
  a pony
  a shrieker
  a violet fungus
 13 gnome leaders
  4 gnomish wizards
  a kobold mummy
 an elf zombie
  3 ghouls
  a floating eye
 15 dwarves
  a kobold shaman
  5 hill orcs
  a centipede
  2 giant bats
  6 monkeys
  7 dwarf zombies
 an iguana
  2 acid blobs
  2 hobbits
  5 giant rats
  a cave spider
  a yellow mold
  3 red molds
 58 gnomes
  3 geckos
  6 jackals
  a kobold
  7 grid bugs
  5 lichens
  5 newts
183 creatures vanquished.

No species were genocided or became extinct.

Game over:
                       ----------
                      /          \
                     /    REST    \
                    /      IN      \
                   /     PEACE      \
                  /                  \
                  |    IanCurtis     |
                  |      92 Au       |
                  |   killed by a    |
                  |     gargoyle     |
                  |                  |
                  |                  |
                  |       2026       |
                 *|     *  *  *      | *
        _________)/\\_//(\/(/\)/\//\/|_)_______

Goodbye IanCurtis the Wizard...

You died in The Gnomish Mines on dungeon level 11 with 8569 points,
and 92 pieces of gold, after 6184 moves.
You were level 8 with a maximum of 54 hit points when you died.

